 Dungeon Crawl Stone Soup version 0.27.0-1-g7a089689b8 (webtiles) character file.

Game seed: 248019246946596027

214 Crownlay the Skirmisher (level 5, 0/51 HPs)
             Began as a Hill Orc Fighter on Aug 17, 2021.
             Slain by an orc wizard (3 damage)
             ... on level 3 of the Dungeon.
             The game lasted 00:03:17 (2644 turns).

Crownlay the Skirmisher (Hill Orc Fighter)          Turns: 2644, Time: 00:03:17

Health: 0/51       AC:  8    Str: 20    XL:     5   Next: 92%
Magic:  5/5        EV:  7    Int:  8    God:
Gold:   126        SH:  9    Dex: 10    Spells: 4/4 levels left

rFire    . . .     SeeInvis .   a - +0 war axe
rCold    . . .     Faith    .   c - +0 kite shield
rNeg     . . .     Spirit   .   b - +0 scale mail
rPois    .         Reflect  .   (no helmet)
rElec    .         Harm     .   (no cloak)
rCorr    .         Rampage  .   (no gloves)
Will     +....                  q - +0 pair of boots
Stlth    ..........             (no amulet)
HPRegen  0.17/turn              i - ring of willpower
MPRegen  0.09/turn              (no ring)

@: no status effects
A: no striking features
a: Convert to Beogh


You were on level 3 of the Dungeon.
You visited 1 branch of the dungeon, and saw 4 of its levels.

You collected 126 gold pieces.

Inventory:

Hand Weapons
 a - a +0 war axe (weapon)
Missiles
 j - a throwing net (quivered)
Armour
 b - a +0 scale mail (worn)
 c - a +0 kite shield (worn)
 q - a +0 pair of boots (worn)
Jewellery
 i - a ring of willpower (left hand)
Scrolls
 e - 2 scrolls of magic mapping {unknown}
 g - 3 scrolls of fog {unknown}
 h - a scroll of vulnerability {unknown}
 k - a scroll of torment {unknown}
 l - a scroll of identify {unknown}
 m - 2 scrolls of enchant weapon {unknown}
 o - a scroll of noise {unknown}
 p - a scroll of teleportation {unknown}
Potions
 d - a potion of haste {unknown}
 f - a potion of heal wounds {unknown}
 n - a potion of resistance {unknown}
 r - a potion of degeneration {unknown}


   Skills:
 * Level 6.4 Fighting
 - Level 2.6 Axes
 - Level 3.2 Armour
 + Level 5.0 Shields


You had 4 spell levels left.
You didn't know any spells.
Your spell library contained the following spells:

 Spells                   Type           Power      Damage    Failure   Level
 Pain                     Necr           0%         1d4       99%         1


Dungeon Overview and Level Annotations

Branches:
Dungeon (4/15)
 Temple: D:4-7

Altars:
Kikubaaqudgha
Ru
Sif Muna
Vehumet


Message History

The magic dart hits you.
* * * LOW HITPOINT WARNING * * *
You block the gnoll's attack. x2
You hit the orc priest but do no damage.
The orc priest is moderately wounded.
You completely miss the gnoll. You slash the gnoll!
You kill the gnoll!
You closely miss something.
The orc priest hits you but does no damage.
Something hits you.
* * * LOW HITPOINT WARNING * * *
The gnoll hits you with a +0 whip.
* * * LOW HITPOINT WARNING * * *
You block the orc priest's attack. Something hits you.
* * * LOW HITPOINT WARNING * * *
You block the gnoll's attack.
You closely miss the orc priest.
The orc priest is moderately wounded.
You closely miss the gnoll. You closely miss something.
The orc priest looks encouraged for a moment.
You hear some strange, mumbled words.
A puff of flame appears from out of thin air!
The puff of flame hits you.
* * * LOW HITPOINT WARNING * * *
You block the gnoll's attack.
You hit the orc priest.
The orc priest is severely wounded.
You miss something. You barely miss the gnoll.
The orc priest hits you but does no damage.
You hear some strange, mumbled words.
A puff of flame appears from out of thin air!
The puff of flame hits you.
* * * LOW HITPOINT WARNING * * *
The gnoll barely misses you. You block the orc priest's attack.
Something hits you but does no damage. The gnoll hits you but does no damage.
You hit the orc priest but do no damage.
The orc priest is severely wounded.
You hit the gnoll. You hit something. The orc priest closely misses you.
Something hits you.
You die...

.###.#
#..)###.##......#####.....
.##..#
#............#..#####...##
###.##
#..#.......##...##.....>..
###.#
#.........#...............
.##.#
#...........#.............
.#..#
#...................).....
.#.##
##..#......###.............
.#.# #.........)#
#............. .#.#
#........g@# #.....######..
.#.## #..รท.....o{# #.....#
##.# ....# #.........##
#.....# ##..#
....###....#...##
#.....####..##
...........#####
##.....#...(.# ..(........#
##.............
....####...#
#.............. ....# #...#
#.............. ....# #####
###..............


You could see an orc priest and a gnoll.

Vanquished Creatures
  A wyvern skeleton (D:3)
  A hound (D:3)
  4 gnolls (D:3)
  3 adders
  A worm (D:2)
  A dart slug (D:3)
  An orc (D:3)
  5 endoplasms
  2 giant cockroaches (D:3)
  5 goblins
  4 hobgoblins
  3 jackals (D:1)
  2 quokkas (D:1)
  8 ball pythons
  8 bats
  5 frilled lizards
  7 kobolds
  6 rats
67 creatures vanquished.

Notes
Turn   | Place    | Note
-------+----------+-------------------------------------------
     0 | D:1      | Crownlay the Hill Orc Fighter began the quest for the Orb.
     0 | D:1      | Reached XP level 1. HP: 19/19 MP: 1/1
   104 | D:1      | Reached XP level 2. HP: 27/27 MP: 2/2
   436 | D:1      | Reached skill level 4 in Fighting
   700 | D:1      | Reached XP level 3. HP: 33/33 MP: 3/3
   991 | D:2      | You fall into a shaft and drop 1 floor!
   991 | D:3      | Found a shimmering blue altar of Sif Muna.
   993 | D:3      | Found a radiant altar of Vehumet.
   993 | D:3      | Found an ancient bone altar of Kikubaaqudgha.
   998 | D:3      | Got Kikubaaqudgha's Disquisition on Evil
  1120 | D:2      | Found a faded altar of an unknown god.
  1505 | D:2      | Reached XP level 4. HP: 35/41 MP: 4/4
  1689 | D:2      | Reached skill level 5 in Fighting
  1929 | D:3      | Reached XP level 5. HP: 28/50 MP: 5/5
  2205 | D:3      | Found a sacrificial altar of Ru.
  2286 | D:3      | Reached skill level 6 in Fighting
  2634 | D:3      | Reached skill level 5 in Shields
  2644 | D:3      | Slain by an orc wizard

Illustrated notes

Levels and vault maps discovered:
D:1:      dpeg_arrival_connections, layout_loops_ring,
          chequers_serial_rivers_large_b, minmay_misc_feat_enclosed
D:2:      minmay_angry_zag, layout_basic,
          shapermc_ecumenical_altar_totnotflames, wad_floor_pattern_2,
          st_stairs_9, kennysheep_generic_room_10
D:3:      layout_rooms, grunt_temple_overflow_magic_moments,
          mainiacjoe_overflow_alcove_2
D:4:      layout_cave_pods, gup_sewer_entry_glass, minmay_manual_mares,
          uniq_grinder, uniq_robin, uniq_duvessa, uniq_natasha

Skill      XL: |  1  2  3  4  5 |
---------------+----------------+-----
Fighting       | 4 5 6 |  6.4
Shields        | 4 5 |  5.0
Axes           | |  2.6
Armour         | |  3.2

Action                   |  1- 3 |  4- 6 || total
-------------------------+-------+-------++-------
Melee: War axe           |   135 |    52 ||   187
  Use: Potion            |       |     1 ||     1
Armor: Scale mail        |   102 |    33 ||   135
Dodge: Dodged            |    58 |    18 ||    76
Block: Kite shield       |    97 |    40 ||   137
